[Event "November 21 Early 2023"]
[Site "https://www.chess.com"]
[Date "2023.11.21"]
[Round "1"]
[White "Jeet, Jain"]
[Black "SeLaPegoACualquiera"]
[Result "1-0"]
[Board "229"]
[TimeControl "180+1"]
[WhiteFideId "5073022"]
[WhiteElo "2067"]
[BlackElo "2147"]
[WhiteTeam "IND"]
[WhiteClock "0:01:57"]
[BlackClock "0:01:41"]

1. d4 Nf6 2. Nf3 c5 3. e3 cxd4 4. exd4 d5 5. h3 Nc6 6. c3 h6 7. Bd3 Ne4 8. Nbd2 Nd6 9. O-O Bf5 10. Qc2 e6 11. Re1 Rc8 12. Bxf5 Nxf5 13. Qxf5 g6 14. Qd3 Bg7 15. Ne5 O-O 16. Nxc6 bxc6 17. Nf3 Qd6 18. Ne5 c5 19. dxc5 Rxc5 20. Be3 Ra5 21. Bd4 Rb8 22. Nxg6 Bxd4 23. cxd4 Rxb2 24. Ne5 Raxa2 25. Rxa2 Rxa2 26. Qg3+ Kf8 27. Ng6+ 1-0

[Event "November 21 Early 2023"]
[Site "https://www.chess.com"]
[Date "2023.11.21"]
[Round "1"]
[White "Levine, David"]
[Black "Valner, Uku"]
[Result "0-1"]
[Board "230"]
[TimeControl "180+1"]
[WhiteFideId "2011611"]
[BlackFideId "4502205"]
[WhiteElo "2146"]
[BlackElo "2220"]
[WhiteTeam "USA"]
[BlackTeam "EST"]
[WhiteClock "0:01:46"]
[BlackClock "0:02:41"]

1. d4 e6 2. c4 b6 3. e4 Bb7 4. Bd3 f5 5. Qe2 Nf6 6. f3 fxe4 7. fxe4 Nxe4 8. Bxe4 Qh4+ 9. Kd1 Qxe4 10. Qxe4 Bxe4 11. Nf3 Nc6 12. Be3 Bd6 13. Nc3 Bxf3+ 14. gxf3 O-O 15. Ke2 Rf5 16. Ne4 Bf4 17. Bf2 Raf8 18. Rag1 d5 19. Nc5 bxc5 0-1

[Event "November 21 Early 2023"]
[Site "https://www.chess.com"]
[Date "2023.11.21"]
[Round "1"]
[White "Richter, Paul"]
[Black "Mangialardo, Tiago Carvalho"]
[Result "0-1"]
[Board "231"]
[TimeControl "180+1"]
[WhiteFideId "2046350"]
[BlackFideId "2130718"]
[WhiteElo "2542"]
[BlackElo "2140"]
[WhiteTeam "USA"]
[BlackTeam "BRA"]
[WhiteClock "0:00:19"]
[BlackClock "0:00:04"]

1. e4 Nf6 2. e5 Nd5 3. c4 Nb6 4. d4 d6 5. exd6 exd6 6. Nc3 Be7 7. Bd3 O-O 8. Nge2 Bg4 9. O-O Nc6 10. b3 Bf6 11. Be3 d5 12. c5 Nc8 13. f3 Re8 14. Bf2 Bh5 15. Nf4 Bg6 16. Bxg6 hxg6 17. Nfxd5 Bg5 18. Qd3 N8e7 19. Nxe7+ Rxe7 20. Rad1 Nb4 21. Qc4 Nc2 22. Ne4 Ne3 23. Qd3 Nxd1 24. Rxd1 Bf6 25. d5 Rd7 26. b4 Qe8 27. Bg3 Be5 28. Bh4 f6 29. Qc4 Kh7 30. b5 g5 31. Bf2 Rad8 32. Qc2 Qg6 33. Qc4 f5 34. Ng3 Qf7 35. Qc2 g6 36. Qe2 Rxd5 37. Re1 Bxg3 38. Bxg3 Rd2 39. Qe7 R8d7 40. Qe3 Rd1 41. Qe2 Rxe1+ 42. Qxe1 Qe7 43. Qc1 Qe2 44. h3 Rd1+ 45. Qxd1 Qxd1+ 46. Kh2 Qc2 47. c6 bxc6 48. bxc6 Qxc6 49. Bf2 Qa4 50. Be3 Qxa2 51. Bxg5 c5 52. h4 c4 53. Kg3 c3 54. Kf4 Qd2+ 55. Ke5 Qxg5 56. hxg5 c2 57. g4 c1=Q 58. gxf5 Qf4+ 59. Kf6 Qxf5+ 60. Ke7 Qxg5+ 61. Kf8 Qf5+ 62. Ke8 Qxf3 63. Ke7 Qf5 64. Ke8 a6 65. Ke7 a5 66. Ke8 a4 67. Ke7 a3 68. Ke8 a2 69. Ke7 a1=Q 70. Kd8 Qa8+ 71. Ke7 Qb7+ 72. Kd6 Qb6+ 73. Ke7 Qfe6+ 74. Kf8 Qd8# 0-1

[Event "November 21 Early 2023"]
[Site "https://www.chess.com"]
[Date "2023.11.21"]
[Round "1"]
[White "Ghosh, Chanchal Kumer"]
[Black "NovoselovRoman"]
[Result "0-1"]
[Board "232"]
[TimeControl "180+1"]
[WhiteFideId "10201858"]
[WhiteElo "2067"]
[BlackElo "2542"]
[WhiteTeam "BAN"]
[WhiteClock "0:00:00"]
[BlackClock "0:00:15"]

1. e4 e6 2. Nf3 d5 3. Nc3 Nf6 4. e5 Nfd7 5. d4 c5 6. Bg5 Qb6 7. dxc5 Bxc5 8. Qd2 Nc6 9. Bb5 Bb4 10. Bxc6 bxc6 11. O-O c5 12. Qd3 Ba6 13. Qd1 Bxf1 14. Qxf1 Bxc3 15. bxc3 Rb8 16. h3 h6 17. Be3 O-O 18. Qd3 Qb5 19. Qd2 Qc4 20. Re1 Kh7 21. a3 Rb2 22. g4 Rfb8 23. g5 Qe4 24. Qe2 Nxe5 25. Nxe5 Qxe5 26. gxh6 g6 27. Bxc5 Qxe2 28. Rxe2 Kxh6 29. Bb4 Kg5 30. Kg2 Kf5 31. f3 e5 32. Rd2 Ke6 33. Re2 Ra8 34. f4 f6 35. fxe5 fxe5 36. Kg3 a5 37. Bc5 Rc8 38. Bd4 e4 39. Rf2 Ke7 40. Rf6 Rxc2 41. Rxg6 R8xc3+ 42. Bxc3 Rxc3+ 43. Kf4 Rxh3 44. a4 Rd3 45. Ke5 e3 46. Rg7+ Kf8 47. Rg1 d4 48. Kf6 Ke8 49. Ke6 Kd8 50. Kd6 Kc8 0-1

[Event "November 21 Early 2023"]
[Site "https://www.chess.com"]
[Date "2023.11.21"]
[Round "1"]
[White "Guliev, Logman"]
[Black "Elbebiber"]
[Result "1-0"]
[Board "233"]
[TimeControl "180+1"]
[WhiteFideId "13400061"]
[WhiteElo "2098"]
[BlackElo "2137"]
[WhiteTeam "AZE"]
[WhiteClock "0:01:46"]
[BlackClock "0:00:17"]

1. e4 d5 2. exd5 Nf6 3. d4 Nxd5 4. Nf3 Bf5 5. a3 e6 6. c4 Nf6 7. Nc3 Be7 8. Bf4 c6 9. Be2 O-O 10. O-O Ne4 11. Nxe4 Bxe4 12. Rc1 Nd7 13. Qd2 Nf6 14. Rfd1 Qb6 15. h3 Rad8 16. Qc3 Bg6 17. b4 a6 18. Be3 Qc7 19. Ne5 Ne4 20. Qb3 Bd6 21. Nf3 Bf4 22. b5 axb5 23. cxb5 Bxe3 24. Qxe3 Qd6 25. bxc6 bxc6 26. Ne5 c5 27. Nxg6 1-0

[Event "November 21 Early 2023"]
[Site "https://www.chess.com"]
[Date "2023.11.21"]
[Round "1"]
[White "Petersson, Kjell"]
[Black "Urbina Perez, Juan Antonio"]
[Result "1-0"]
[Board "234"]
[TimeControl "180+1"]
[WhiteFideId "1705148"]
[BlackFideId "2217368"]
[WhiteElo "1994"]
[BlackElo "2185"]
[WhiteTeam "SWE"]
[BlackTeam "ESP"]
[WhiteClock "0:00:14"]
[BlackClock "0:00:23"]

1. d4 Nf6 2. Bf4 d6 3. Nc3 g6 4. e4 Bg7 5. Qd2 O-O 6. O-O-O Nbd7 7. e5 Ne8 8. Bh6 c6 9. h4 dxe5 10. dxe5 Qa5 11. h5 Qxe5 12. hxg6 hxg6 13. Nf3 Bxh6 14. Qxh6 Qg7 15. Qh4 Nd6 16. Qxe7 Nf5 17. Qg5 Nf6 18. Bd3 Nh7 19. Qf4 Be6 20. g4 Ne7 21. Rh3 Nd5 22. Nxd5 Bxd5 23. Rdh1 Bxf3 24. Qxf3 Ng5 25. Rh8+ Qxh8 26. Rxh8+ Kxh8 27. Qh1+ Nh7 28. b3 Kg7 29. f4 Rfe8 30. f5 Re5 31. fxg6 fxg6 32. Qh4 Rae8 33. Kb2 a6 34. Qf2 R8e7 35. Qd4 Nf6 36. a4 Nd5 37. Qf2 a5 38. Qh4 Nb4 39. Bc4 b5 40. axb5 cxb5 41. Bf1 Re4 42. Qh3 Re3 43. Qh4 R3e4 44. Qh3 Re1 45. g5 R1e5 46. Qh6+ Kf7 47. Qh7+ Ke8 48. Qxg6+ Kf8 49. Qf6+ Ke8 50. g6 R5e6 51. Bxb5+ Kd8 52. Qf8+ Kc7 53. g7 Nd5 54. g8=Q 1-0

[Event "November 21 Early 2023"]
[Site "https://www.chess.com"]
[Date "2023.11.21"]
[Round "1"]
[White "ChessRespected"]
[Black "DonCiao"]
[Result "1-0"]
[Board "235"]
[TimeControl "180+1"]
[WhiteElo "2536"]
[BlackElo "2128"]
[WhiteClock "0:01:26"]
[BlackClock "0:00:35"]

1. d4 Nf6 2. Nf3 g6 3. g3 Bg7 4. Bg2 d5 5. c4 dxc4 6. O-O O-O 7. Na3 c3 8. bxc3 c5 9. Bb2 Nc6 10. Re1 Bg4 11. h3 Bxf3 12. Bxf3 Qc7 13. Rb1 Rad8 14. Qa4 a6 15. dxc5 Nd5 16. Nc4 Nxc3 17. Bxc3 Bxc3 18. Rec1 Bf6 19. Bxc6 bxc6 20. Qxa6 Ra8 21. Qb6 Qd7 22. Qb7 Qxh3 23. Qxc6 Rxa2 24. Qf3 h5 25. c6 h4 26. c7 hxg3 27. Qxg3 Qxg3+ 28. fxg3 Be5 29. Nxe5 Rxe2 30. c8=Q 1-0

[Event "November 21 Early 2023"]
[Site "https://www.chess.com"]
[Date "2023.11.21"]
[Round "1"]
[White "Fernandez Hernandez, Gerardo"]
[Black "TomLiu777"]
[Result "0-1"]
[Board "236"]
[TimeControl "180+1"]
[WhiteFideId "2207400"]
[WhiteElo "2125"]
[BlackElo "2536"]
[WhiteTeam "ESP"]
[WhiteClock "0:00:00"]
[BlackClock "0:00:12"]

1. e4 e6 2. d3 d5 3. Nd2 Nf6 4. Ngf3 Be7 5. g3 O-O 6. e5 Nfd7 7. Bg2 c5 8. O-O Nc6 9. Re1 b5 10. h4 a5 11. Nf1 Bb7 12. Bf4 Qc7 13. Ne3 Nd4 14. Nxd4 cxd4 15. Ng4 Rfc8 16. Rc1 Bf8 17. h5 h6 18. Nh2 Nc5 19. Qg4 Kh8 20. Nf3 Na4 21. b3 Nc3 22. Nxd4 b4 23. Ra1 Bc5 24. Ne2 Bf8 25. Nd4 Bc5 26. Ne2 a4 27. Nxc3 bxc3 28. Qe2 Qb6 29. g4 Qb4 30. g5 Qxf4 31. gxh6 Qxh6 32. Qg4 axb3 33. axb3 Rxa1 34. Rxa1 Ra8 35. Rxa8+ Bxa8 36. Bxd5 Bxd5 37. d4 Be7 0-1

[Event "November 21 Early 2023"]
[Site "https://www.chess.com"]
[Date "2023.11.21"]
[Round "1"]
[White "Alinasab, Mobina"]
[Black "udithj22"]
[Result "1-0"]
[Board "237"]
[TimeControl "180+1"]
[WhiteFideId "12528897"]
[WhiteElo "2052"]
[BlackElo "2114"]
[WhiteTeam "IRI"]
[WhiteClock "0:01:19"]
[BlackClock "0:00:09"]

1. Nf3 Nf6 2. g3 g6 3. b3 Bg7 4. Bb2 O-O 5. d4 d6 6. Bg2 Nbd7 7. O-O e5 8. dxe5 Ne4 9. Nd4 dxe5 10. Bxe4 exd4 11. Bxd4 Ne5 12. c3 Qe7 13. Nd2 c5 14. Bxe5 Qxe5 15. Rc1 Rd8 16. Bd3 Bg4 17. Nc4 Qh5 18. Qc2 b5 19. Ne3 Bh3 20. Rfe1 Bh6 21. Bxb5 Bxe3 22. fxe3 Qe5 23. e4 Qg5 24. e3 Qf6 25. Bf1 Bg4 26. Bg2 Qe5 27. h3 Bd7 28. g4 Bc6 29. Rcd1 Re8 30. Qf2 Bxe4 31. Qf4 Bxg2 32. Qxe5 Rxe5 33. Kxg2 Rae8 34. Kf3 f5 35. Rd7 fxg4+ 36. hxg4 Rf8+ 37. Ke2 Rfe8 38. Kd2 Re4 39. Rxa7 Rxg4 40. Rd7 Rg2+ 41. Re2 Rxe2+ 42. Kxe2 h5 43. Rc7 Re5 44. a4 h4 45. a5 c4 46. Rxc4 Rxa5 47. Rxh4 Ra2+ 48. Kd3 Kf7 49. Re4 Kf6 50. b4 Ra6 51. b5 Rb6 52. c4 Kf5 53. Re8 Rd6+ 54. Kc3 g5 55. c5 Rd5 56. Kc4 Rd7 57. c6 Rg7 58. b6 g4 59. c7 g3 60. c8=Q+ Kg5 61. Qd8+ Kg4 62. Rg8 Rxg8 63. Qxg8+ Kf3 64. b7 g2 65. b8=Q Kf2 66. Qf4+ Kg1 67. Qf3 Kh1 68. Qfxg2# 1-0

[Event "November 21 Early 2023"]
[Site "https://www.chess.com"]
[Date "2023.11.21"]
[Round "1"]
[White "Bilan, Danila"]
[Black "Osiecki, Stanislaw"]
[Result "1-0"]
[Board "239"]
[TimeControl "180+1"]
[WhiteFideId "24161918"]
[BlackFideId "1102990"]
[WhiteElo "2146"]
[BlackElo "2048"]
[WhiteTeam "RUS"]
[BlackTeam "POL"]
[WhiteClock "0:00:17"]
[BlackClock "0:00:00"]

1. d4 Nf6 2. Nf3 g6 3. Bg5 Bg7 4. c3 h6 5. Bh4 O-O 6. Nbd2 d6 7. e4 g5 8. Bg3 Nh5 9. Bc4 Nxg3 10. hxg3 Bg4 11. Qb3 Nc6 12. Qxb7 Na5 13. Qa6 Nxc4 14. Qxc4 Rb8 15. O-O-O c5 16. d5 Qa5 17. Kb1 Bxc3 18. Nb3 Qb4 19. Qxc3 Qxc3 20. bxc3 c4 21. Kc2 cxb3+ 22. axb3 Kg7 23. Ra1 Rb7 24. Nd4 Bd7 25. Ra6 Rc8 26. Rha1 Rcc7 27. c4 Kf8 28. Kc3 Ke8 29. Rh1 Rb6 30. Ra5 f6 31. Rxh6 Kf7 32. Rh7+ Kf8 33. Rh8+ Kg7 34. Ra8 Rbb7 35. f4 gxf4 36. gxf4 Kf7 37. Ra1 Rc8 38. R8xa7 Rxa7 39. Rxa7 Bg4 40. Nc6 Re8 41. b4 Kf8 42. b5 Bc8 43. b6 e6 44. b7 Bxb7 45. Rxb7 1-0

[Event "November 21 Early 2023"]
[Site "https://www.chess.com"]
[Date "2023.11.21"]
[Round "1"]
[White "Lakshmi C"]
[Black "Deng, Henry"]
[Result "0-1"]
[Board "240"]
[TimeControl "180+1"]
[WhiteFideId "25035347"]
[BlackFideId "30965454"]
[WhiteElo "1942"]
[BlackElo "2534"]
[WhiteTeam "IND"]
[BlackTeam "USA"]
[WhiteClock "0:00:00"]
[BlackClock "0:00:05"]

1. e4 c5 2. Nf3 e6 3. d4 cxd4 4. Nxd4 Nf6 5. Nc3 Nc6 6. a3 Be7 7. Nxc6 bxc6 8. e5 Nd5 9. Nxd5 cxd5 10. Bd3 Ba6 11. O-O Bxd3 12. cxd3 O-O 13. Qg4 Kh8 14. Kh1 f6 15. d4 Rb8 16. b4 fxe5 17. dxe5 Qc7 18. Bb2 Qc2 19. Bd4 Rbc8 20. Bxa7 Rc4 21. Qd1 Qf5 22. Bd4 d6 23. Re1 dxe5 24. Bxe5 Rfc8 25. Bg3 Bf6 26. Rb1 d4 27. b5 e5 28. b6 h5 29. b7 Rb8 30. Rb5 Rc2 31. Bxe5 Qxf2 32. Rg1 Bxe5 33. Rxe5 g6 34. Rb5 Rc7 35. Qb1 Qf6 36. Rb6 Rc6 37. Rb5 Qd6 38. Rf1 d3 39. Rb3 d2 40. Rd1 Rc7 41. Qb2+ Kh7 0-1

[Event "November 21 Early 2023"]
[Site "https://www.chess.com"]
[Date "2023.11.21"]
[Round "1"]
[White "Baches Garcia, Guillermo"]
[Black "Nikulina, Alena"]
[Result "1-0"]
[Board "241"]
[TimeControl "180+1"]
[WhiteFideId "2209764"]
[BlackFideId "4172051"]
[WhiteElo "2534"]
[BlackElo "1627"]
[WhiteTeam "ESP"]
[BlackTeam "RUS"]
[WhiteClock "0:02:03"]
[BlackClock "0:00:44"]

1. d4 d5 2. Nf3 Nf6 3. Bg5 e6 4. Nbd2 c5 5. e3 Be7 6. c3 Nc6 7. Bd3 h6 8. Bh4 b6 9. Ne5 Nxe5 10. dxe5 Nd7 11. Bxe7 Qxe7 12. f4 Bb7 13. O-O O-O-O 14. a4 c4 15. Bc2 f6 16. exf6 Nxf6 17. Nf3 Qc5 18. Nd4 Qe7 19. a5 Rhf8 20. axb6 axb6 21. Ra7 e5 22. Bf5+ Kb8 23. Nc6+ 1-0

[Event "November 21 Early 2023"]
[Site "https://www.chess.com"]
[Date "2023.11.21"]
[Round "1"]
[White "Subramanian, Anusha"]
[Black "Zomorrodian, Eilia"]
[Result "0-1"]
[Board "242"]
[TimeControl "180+1"]
[WhiteFideId "477710"]
[BlackFideId "12551805"]
[WhiteElo "1774"]
[BlackElo "2109"]
[WhiteTeam "ENG"]
[BlackTeam "CAN"]
[WhiteClock "0:00:25"]
[BlackClock "0:01:02"]

1. e4 c5 2. Nf3 e6 3. d4 cxd4 4. Nxd4 a6 5. a3 Nf6 6. Nc3 Qc7 7. Be3 b5 8. Qd2 Bb7 9. f3 Be7 10. g4 d6 11. g5 Nfd7 12. h4 Ne5 13. f4 Nc4 14. Bxc4 Qxc4 15. h5 Nd7 16. O-O-O O-O-O 17. Nb3 Qc7 18. Qf2 Nc5 19. Nxc5 dxc5 20. Kb1 Kb8 21. Na2 Bxe4 22. Rhe1 Bd5 23. Nc3 Bb7 24. Ne2 Rd5 25. Nc1 Rhd8 26. Rxd5 Rxd5 27. Nd3 c4 28. Ne5 f6 29. gxf6 Bxf6 30. Nf3 Qd6 31. c3 Rd1+ 32. Rxd1 Qxd1+ 33. Ka2 Bxf3 34. Ba7+ Ka8 35. Qb6 Bb7 36. Qc5 Qd5 37. Qf2 a5 38. Bb6 b4 39. axb4 axb4 40. Bc5 bxc3 41. bxc3 Bxc3 42. Be3 Qa5+ 43. Kb1 Be4+ 44. Kc1 Qa1# 0-1

[Event "November 21 Early 2023"]
[Site "https://www.chess.com"]
[Date "2023.11.21"]
[Round "1"]
[White "Do Nascimento,Christian Almeida"]
[Black "Castillo Pena, Patricia Evarista"]
[Result "1-0"]
[Board "243"]
[TimeControl "180+1"]
[WhiteFideId "2143801"]
[BlackFideId "6412106"]
[WhiteElo "2118"]
[BlackElo "1861"]
[WhiteTeam "BRA"]
[BlackTeam "DOM"]
[WhiteClock "0:01:13"]
[BlackClock "0:00:00"]

1. e4 c5 2. Nf3 d6 3. d4 cxd4 4. Nxd4 Nf6 5. Nc3 a6 6. Be2 e5 7. Nb3 Be7 8. O-O b5 9. Be3 Bb7 10. Nd5 Nxd5 11. exd5 O-O 12. a4 b4 13. c4 bxc3 14. bxc3 Nd7 15. c4 Rc8 16. Rb1 f5 17. f4 Bf6 18. fxe5 Nxe5 19. Nd4 Qd7 20. Ne6 Rfe8 21. Rxf5 Ba8 22. Qf1 Rxe6 23. dxe6 Qxe6 24. Bd4 Re8 25. Bxe5 Bxe5 26. Bf3 Bxf3 27. Qxf3 Bd4+ 28. Kh1 Qxc4 29. Rf1 Qc8 30. Qd5+ 1-0

[Event "November 21 Early 2023"]
[Site "https://www.chess.com"]
[Date "2023.11.21"]
[Round "1"]
[White "GMT4114"]
[Black "Pinheiro, Iung Alicio de O."]
[Result "0-1"]
[Board "244"]
[TimeControl "180+1"]
[BlackFideId "2104350"]
[WhiteElo "1966"]
[BlackElo "2283"]
[BlackTeam "BRA"]
[WhiteClock "0:00:08"]
[BlackClock "0:00:20"]

1. e4 c5 2. Nc3 a6 3. Nge2 b5 4. g3 Bb7 5. Bg2 e6 6. d4 cxd4 7. Nxd4 Nf6 8. O-O b4 9. Na4 Bxe4 10. Bxe4 Nxe4 11. Re1 Nc5 12. c3 Qa5 13. Nxc5 Qxc5 14. Be3 Qd5 15. c4 Qb7 16. Qa4 Be7 17. Rac1 O-O 18. Nb3 Nc6 19. Nc5 Qc7 20. Red1 d6 21. Ne4 Rfd8 22. Qc2 Rac8 23. b3 a5 24. Bf4 h6 25. Qe2 e5 26. Be3 Qb7 27. Qg4 Kh8 28. Qf5 Bf8 29. Rc2 Ne7 30. Qf3 f5 31. Nd2 e4 32. Qe2 d5 33. Bd4 Nc6 34. Bb2 d4 35. Rcc1 Bc5 36. Qh5 Qd7 37. h4 Qe6 38. Nf1 Rd7 39. Re1 Rcd8 40. Rcd1 Qf6 41. Nh2 Kh7 42. g4 Qg6 43. Qxg6+ Kxg6 44. gxf5+ Kxf5 45. Kh1 g5 46. Rg1 d3 47. hxg5 hxg5 48. f3 Bxg1 49. Kxg1 e3 50. Ng4 e2 51. Re1 d2 52. Ne3+ Kg6 53. Rxe2 d1=Q+ 54. Nxd1 Rxd1+ 55. Kf2 R1d2 56. Ke3 Rxe2+ 57. Kxe2 Re8+ 58. Kf2 Kf5 59. Kg2 Ne5 60. Kf2 Nd3+ 61. Kg2 Nxb2 0-1

[Event "November 21 Early 2023"]
[Site "https://www.chess.com"]
[Date "2023.11.21"]
[Round "1"]
[White "Fiedorek, Michal"]
[Black "Zepeda Berlanga, Jan Enrique"]
[Result "1-0"]
[Board "245"]
[TimeControl "180+1"]
[WhiteFideId "1199528"]
[BlackFideId "5132355"]
[WhiteElo "2135"]
[BlackElo "1680"]
[WhiteTeam "POL"]
[BlackTeam "MEX"]
[WhiteClock "0:00:04"]
[BlackClock "0:00:00"]

1. Nf3 c5 2. c4 g6 3. Nc3 Bg7 4. d4 cxd4 5. Nxd4 d6 6. e4 Nc6 7. Be3 Nf6 8. Be2 O-O 9. O-O Bd7 10. Qd2 Rc8 11. f3 a6 12. Rac1 Re8 13. Rfd1 Qa5 14. a3 Ne5 15. b4 Qxa3 16. Nd5 Nxd5 17. exd5 a5 18. bxa5 f5 19. Ra1 Qc5 20. Ne6 Nxc4 21. Nxc5 Nxd2 22. Nxd7 Bxa1 23. Rxa1 Nb3 24. Ra3 Nc1 25. Bb5 Red8 26. Nb6 Rc2 27. Ra1 Ne2+ 28. Kf1 Nc3 29. Bd3 Rb2 30. Bd4 Rb3 31. Rc1 Na4 32. Nxa4 Rxd3 33. Bb6 Re8 34. Nb2 Rb3 35. Nc4 Rb4 36. Ne3 e5 37. Ke2 f4 38. Nc2 e4 39. Nxb4 exf3+ 40. Kxf3 g5 41. Rf1 h5 42. h3 Re3+ 43. Kf2 Rb3 44. Nc2 Rb2 45. Rc1 Kf7 46. Kf3 Kg6 47. Nd4 1-0

[Event "November 21 Early 2023"]
[Site "https://www.chess.com"]
[Date "2023.11.21"]
[Round "1"]
[White "IsaqueGoncalvesSanto"]
[Black "Jimenez Almeida, Luis David"]
[Result "0-1"]
[Board "246"]
[TimeControl "180+1"]
[BlackFideId "22242244"]
[WhiteElo "1910"]
[BlackElo "2216"]
[BlackTeam "ESP"]
[WhiteClock "0:01:47"]
[BlackClock "0:02:07"]

1. d4 g6 2. c4 Bg7 3. Nc3 c5 4. d5 Bxc3+ 5. bxc3 Qa5 6. Bd2 f5 7. Nf3 Nf6 8. Ng5 h6 9. Nh3 d6 10. f3 Nbd7 11. Nf4 Ne5 12. e3 Bd7 13. h4 O-O-O 14. Qb3 g5 15. hxg5 hxg5 16. Rxh8 Rxh8 17. Rb1 b6 18. Nh3 Rxh3 19. gxh3 Nxf3+ 20. Ke2 Nxd2 21. Kxd2 Ne4+ 22. Kc2 Ba4 23. Bd3 Qxc3+ 0-1

[Event "November 21 Early 2023"]
[Site "https://www.chess.com"]
[Date "2023.11.21"]
[Round "1"]
[White "Redzisz, Michal"]
[Black "Saim, Mohamed Ilias"]
[Result "1-0"]
[Board "247"]
[TimeControl "180+1"]
[WhiteFideId "21816107"]
[BlackFideId "7900465"]
[WhiteElo "2068"]
[BlackElo "2063"]
[WhiteTeam "POL"]
[BlackTeam "ALG"]
[WhiteClock "0:00:24"]
[BlackClock "0:00:00"]

1. Nf3 Nf6 2. c4 e6 3. Nc3 d5 4. d4 Bb4 5. Qa4+ Nc6 6. e3 O-O 7. Bd2 Bxc3 8. Bxc3 Ne4 9. Bd3 Bd7 10. Qc2 f5 11. O-O Ne7 12. Ne5 Ng6 13. Nxg6 hxg6 14. Bb4 Rf7 15. cxd5 exd5 16. f3 Nf6 17. Qb3 c6 18. Bd6 b5 19. Rac1 a5 20. a4 b4 21. Be5 Ra7 22. Rc5 Be8 23. Rfc1 Qb6 24. Kh1 Nd7 25. Rxc6 Qb7 26. Rc8 Kf8 27. Bd6+ Re7 28. Bb5 1-0

[Event "November 21 Early 2023"]
[Site "https://www.chess.com"]
[Date "2023.11.21"]
[Round "1"]
[White "Gyulamiryan-koryun"]
[Black "Malyi, Viacheslav"]
[Result "0-1"]
[Board "248"]
[TimeControl "180+1"]
[BlackFideId "14123983"]
[WhiteElo "1902"]
[BlackElo "2291"]
[BlackTeam "UKR"]
[WhiteClock "0:00:01"]
[BlackClock "0:01:19"]

1. e4 c5 2. Nf3 d6 3. Bb5+ Bd7 4. a4 Nc6 5. Nc3 a6 6. Be2 Nf6 7. d4 cxd4 8. Nxd4 Nxd4 9. Qxd4 g6 10. O-O Bg7 11. Qd1 O-O 12. Be3 Rc8 13. Bd4 Qa5 14. f4 e5 15. fxe5 dxe5 16. Be3 Be6 17. Qe1 Rfd8 18. Qf2 Rxc3 19. Bb6 Qb4 20. bxc3 Qe7 21. Bxd8 Qxd8 22. Bf3 Qc7 23. Qe3 Bf8 24. Rab1 Bc5 25. Qxc5 Qxc5+ 26. Kh1 Qc7 27. Rfd1 Bd7 28. Rd3 Bxa4 29. Rb2 Bc6 30. Re3 Qa5 31. h3 Qa1+ 0-1

[Event "November 21 Early 2023"]
[Site "https://www.chess.com"]
[Date "2023.11.21"]
[Round "1"]
[White "Lund, Gunnar"]
[Black "bn1462"]
[Result "1-0"]
[Board "249"]
[TimeControl "180+1"]
[WhiteFideId "1520814"]
[WhiteElo "2233"]
[BlackElo "1858"]
[WhiteTeam "NOR"]
[WhiteClock "0:02:32"]
[BlackClock "0:01:02"]

1. d4 Nf6 2. Nf3 d5 3. g3 e6 4. Bg2 Be7 5. c4 O-O 6. O-O c6 7. b3 b6 8. Bb2 Bb7 9. Nc3 Na6 10. Rc1 Rc8 11. Re1 Bb4 12. a3 Bxc3 13. Bxc3 Ne4 14. Bb2 c5 15. Ne5 cxd4 16. Qxd4 dxc4 17. Nxc4 Qxd4 18. Bxd4 Rfd8 19. Red1 Nac5 20. Bxc5 Nxc5 21. Nd6 Rb8 22. Nxb7 1-0

[Event "November 21 Early 2023"]
[Site "https://www.chess.com"]
[Date "2023.11.21"]
[Round "1"]
[White "dumbernugget"]
[Black "vishwa_vijeta"]
[Result "0-1"]
[Board "250"]
[TimeControl "180+1"]
[WhiteElo "1850"]
[BlackElo "2527"]
[WhiteClock "0:00:46"]
[BlackClock "0:01:49"]

1. d4 Nf6 2. c4 g6 3. Nc3 d5 4. cxd5 Nxd5 5. Bd2 Bg7 6. e4 Nxc3 7. Bxc3 c5 8. d5 Bxc3+ 9. bxc3 e6 10. Bc4 exd5 11. Bxd5 O-O 12. Nf3 Nd7 13. O-O Nf6 14. c4 Nxd5 15. Qxd5 Qe7 16. Rad1 Be6 17. Qd3 Rad8 18. Qb3 b6 19. Nd2 Rd4 20. f3 Rfd8 21. Qc2 Qd7 22. Rf2 Bxc4 23. a4 Bd3 24. Qc3 Qxa4 25. Nb3 Bc4 26. Rxd4 cxd4 27. Nxd4 Qd1+ 0-1

[Event "November 21 Early 2023"]
[Site "https://www.chess.com"]
[Date "2023.11.21"]
[Round "1"]
[White "Ynojosa Aponte, Felix Jose"]
[Black "Chemin, Vitorio"]
[Result "1-0"]
[Board "251"]
[TimeControl "180+1"]
[WhiteFideId "3900258"]
[BlackFideId "2100509"]
[WhiteElo "2433"]
[BlackElo "2042"]
[WhiteTeam "VEN"]
[BlackTeam "BRA"]
[WhiteClock "0:01:38"]
[BlackClock "0:00:35"]

1. e4 c5 2. c3 e5 3. d4 cxd4 4. cxd4 exd4 5. Nf3 Qa5+ 6. Bd2 Qb6 7. Na3 Bxa3 8. bxa3 Nc6 9. Bc4 Nf6 10. e5 Ne4 11. O-O Nxd2 12. Qxd2 O-O 13. Rab1 Qc5 14. Bb3 d5 15. Rfc1 Qxa3 16. Bxd5 Rd8 17. Be4 Qe7 18. Qf4 Be6 19. Bxc6 bxc6 20. Nxd4 Bd5 21. Nxc6 Bxc6 22. Rxc6 Rab8 23. Rxb8 Rxb8 24. h4 h5 25. Kh2 Re8 26. Ra6 Qxe5 27. Qxe5 Rxe5 28. Rxa7 Re2 29. Kg3 g6 30. a4 Kg7 31. Kf3 Ra2 32. g3 Kf6 33. Ke3 Ke6 34. f3 Ra3+ 35. Kf4 Kf6 36. Ra6+ Kg7 37. g4 hxg4 38. fxg4 1-0

[Event "November 21 Early 2023"]
[Site "https://www.chess.com"]
[Date "2023.11.21"]
[Round "2"]
[White "Koellner, Ruben Gideon"]
[Black "Nakamura, Hikaru"]
[Result "0-1"]
[Board "1"]
[TimeControl "180+1"]
[WhiteFideId "12993093"]
[BlackFideId "2016192"]
[WhiteElo "2347"]
[BlackElo "2874"]
[WhiteTeam "GER"]
[BlackTeam "USA"]
[WhiteClock "0:00:00"]
[BlackClock "0:00:19"]

1. d4 a5 2. e4 c6 3. Nf3 d5 4. e5 Bf5 5. Bd3 Bxd3 6. Qxd3 e6 7. O-O c5 8. dxc5 Bxc5 9. Nc3 Nc6 10. Nb5 Nh6 11. Be3 Be7 12. Bxh6 gxh6 13. a3 O-O 14. Rad1 Qb6 15. c4 Rfd8 16. a4 Bf8 17. Qe2 dxc4 18. Qxc4 Bg7 19. Rde1 Rd7 20. Qg4 Qc5 21. Nd6 Nxe5 22. Rxe5 Qxd6 23. Rb5 b6 24. Ne5 Rc7 25. Rd1 Rd8 26. Re1 Qd2 27. Rf1 Rc1 28. g3 Rd5 29. Rxc1 Qxc1+ 30. Kg2 Rxb5 31. axb5 Qc5 32. Nd3 Qxb5 33. Nf4 Qxb2 34. Nh5 Qe5 35. Qf3 Qd5 36. Qxd5 exd5 37. Nf4 a4 0-1

[Event "November 21 Early 2023"]
[Site "https://www.chess.com"]
[Date "2023.11.21"]
[Round "2"]
[White "Carlsen, Magnus"]
[Black "Agibileg, Uurtsaikh"]
[Result "1-0"]
[Board "2"]
[TimeControl "180+1"]
[WhiteFideId "1503014"]
[BlackFideId "4901606"]
[WhiteElo "2887"]
[BlackElo "2288"]
[WhiteTeam "NOR"]
[BlackTeam "MGL"]
[WhiteClock "0:02:30"]
[BlackClock "0:00:11"]

1. b4 d5 2. Bb2 Nf6 3. Nf3 e6 4. a3 Bd6 5. g4 Nxg4 6. Rg1 Nxh2 7. Nxh2 Bxh2 8. Rxg7 d4 9. e3 Be5 10. Qg4 Kf8 11. Rxf7+ Kxf7 12. Qh5+ Kf6 13. f4 c5 14. Qxe5+ Kf7 15. Qh5+ Ke7 16. Qxc5+ Ke8 17. Qh5+ Kd7 18. Bxd4 Re8 19. Nc3 Nc6 20. Bb5 Kc7 21. Bxc6 bxc6 22. O-O-O a5 23. b5 Bd7 24. Na4 Qe7 25. Qe5+ Kc8 26. b6 Qxa3+ 27. Bb2 1-0

[Event "November 21 Early 2023"]
[Site "https://www.chess.com"]
[Date "2023.11.21"]
[Round "2"]
[White "Erigaisi Arjun"]
[Black "Yen, William"]
[Result "1-0"]
[Board "3"]
[TimeControl "180+1"]
[WhiteFideId "35009192"]
[BlackFideId "30932025"]
[WhiteElo "2729"]
[BlackElo "1956"]
[WhiteTeam "IND"]
[BlackTeam "USA"]
[WhiteClock "0:02:29"]
[BlackClock "0:00:33"]

1. c4 Nf6 2. g3 g6 3. Bg2 Bg7 4. Nc3 O-O 5. e4 d6 6. Nge2 c6 7. d4 e5 8. O-O Qa5 9. h3 exd4 10. Nxd4 Re8 11. Be3 Qb4 12. Qe2 Nbd7 13. a3 Qa5 14. Rfd1 Qc7 15. b4 h5 16. f4 1-0